 Dungeon Crawl Stone Soup version 0.28.0-53-g5a82cb258f (webtiles) character file.

Game seed: 5585118265792815162

7648 pkoi the Martial Artist (level 10, -12/77 HPs)
             Began as a Demigod Gladiator on May 25, 2022.
             Mangled by a two-headed ogre
             ... wielding a +0 giant spiked club
              (22 damage)
             ... on level 9 of the Dungeon.
             The game lasted 00:31:15 (22758 turns).

pkoi the Martial Artist (Demigod Gladiator)        Turns: 22758, Time: 00:31:15

Health: -12/77     AC: 27    Str: 15    XL:     10   Next: 67%
Magic:  17/17      EV:  6    Int: 14    God:
Gold:   423        SH:  5    Dex: 19    Spells: 12/15 levels left

rFire   + . .      SeeInvis .     - Unarmed
rCold   . . .      Faith    .   (no shield)
rNeg    . . .      Spirit   .   D - +12 plate armour of Iditaciugh {rF+ Str-4 Slay+2 Stlth+}
rPois   .          Reflect  +   b - +0 helmet
rElec   .          Harm     .   (no cloak)
rCorr   .          Rampage  .   (no gloves)
Will    +....                   x - +1 pair of boots
Stlth   ..........              q - amulet of reflection
HPRegen 0.22/turn               (no ring)
MPRegen 0.15/turn               (no ring)

@: no status effects
A: high MP 1, forlorn, divine attributes
a: no special abilities


You were on level 9 of the Dungeon.
You visited 1 branch of the dungeon, and saw 9 of its levels.
You also visited: Ossuary.

You collected 603 gold pieces.
You spent 180 gold pieces at shops.

Inventory:

Hand Weapons
 g - a +2 mace of venom
 l - a +3 dagger of draining
Missiles
 c - 3 throwing nets
 d - a curare-tipped dart
 i - 13 poisoned darts (quivered)
Armour
 b - a +0 helmet (worn)
 x - a +1 pair of boots (worn)
 y - a +0 robe of cold resistance
 D - the +12 plate armour of Iditaciugh (worn) {rF+ Str-4 Slay+2 Stlth+}
   (You found it on level 8 of the Dungeon)

   Str:       It affects your strength (-4).
   Slay:      It affects your accuracy & damage with ranged weapons and melee
   (+2).
   rF:        It protects you from fire.
   Stlth:     It makes you more stealthy.
Jewellery
 q - an amulet of reflection (around neck)
 C - an amulet of magic regeneration
Wands
 s - a wand of iceblast (13)
Scrolls
 j - a scroll of fear
 k - 3 scrolls of fog
 m - 2 scrolls of enchant weapon
 n - a scroll of acquirement
Potions
 f - a potion of brilliance
 o - a potion of berserk rage
 p - 4 potions of curing
 r - a potion of heal wounds
 t - a potion of magic
 u - a potion of resistance
 v - 2 potions of ambrosia
 z - a potion of haste
 A - 2 potions of might
 B - 4 potions of lignification
 G - a potion of cancellation


   Skills:
 + Level 3.3 Fighting
 - Level 1.7 Throwing
 + Level 4.2 Armour
 - Level 4.0 Dodging
 * Level 11.9 Unarmed Combat
 - Level 3.0 Spellcasting
 - Level 5.2 Transmutations
 + Level 5.1 Evocations


You had 12 spell levels left.
You knew the following spells:

 Your Spells              Type           Power      Damage    Failure   Level
b - Wereblood             Tmut           16%        N/A       95%         2
c - Beastly Appendage     Tmut           32%        N/A       86%         1

Your spell library contained the following spells:

 Spells                   Type           Power      Damage    Failure   Level
 Animate Skeleton         Necr           4%         N/A       100%        1
 Foxfire                  Conj/Fire      8%         2x1d4     100%        1
 Pain                     Necr           8%         1d4       100%        1
 Call Canine Familiar     Summ           2%         N/A       100%        3
 Conjure Flame            Conj/Fire      2%         6-21      100%        3
 Dazzling Flash           Conj/Hex       4%         N/A       100%        3
 Inner Flame              Hex/Fire       2%         N/A       100%        3
 Portal Projectile        Hex/Tloc       4%         N/A       100%        3
 Spider Form              Tmut/Pois      9%         N/A       100%        3
 Tukima's Dance           Hex            2%         N/A       100%        3
 Vampiric Draining        Necr           2%         2d6       100%        3
 Anguish                  Hex/Necr       1%         N/A       100%        4
 Cause Fear               Hex            1%         N/A       100%        4
 Flame Wave               Conj/Fire      2%         2d4       100%        4
 Leda's Liquefaction      Hex/Erth       1%         N/A       100%        4
 Agony                    Necr           2%         N/A       100%        5
 Silence                  Hex/Air        1%         N/A       100%        5
 Dragon Form              Tmut           8%         N/A       100%        7
 Enfeeble                 Hex            1%         N/A       100%        7
 Dragon's Call            Summ           1%         N/A       100%        9


Dungeon Overview and Level Annotations

Branches:
Dungeon (9/15)             Temple (0/1) D:6            Lair (0/6) D:8
Ossuary (visited)
    Orc: D:9-12

Shops:
D:3 :

Annotations:
D:3 exclusion: statue
D:4 Grinder
D:5 2 runed translucent doors, Zeld's ghost, amateur OpTm
D:6 3 runed translucent doors, Shockd's ghost, novice OgTm; qwertyui's ghost, novice TrFi
D:7 Harold


Innate Abilities, Weirdness & Mutations

You have an increased reservoir of magic. (+10% MP)
You shall have no god before yourself.
Your divine heritage dramatically boosts your attributes as you level up.


Message History

Press: ? - help, Q - select action, (/) - cycle Shift-Dir - straight line, f/p - two-headed ogre
Aim: a two-headed ogre, wielding two +0 giant spiked clubs (lightly wounded, poisoned, 77% to hit)
You throw a poisoned dart.
The poisoned dart hits the two-headed ogre.
The two-headed ogre looks even sicker.
The two-headed ogre is lightly wounded.
You punch the two-headed ogre!
The two-headed ogre is moderately wounded.
The two-headed ogre hits you with a +0 giant spiked club!!
* * * LOW HITPOINT WARNING * * *
The two-headed ogre hits you with a +0 giant spiked club!
* * * LOW HITPOINT WARNING * * *
You closely miss the two-headed ogre.
The two-headed ogre is moderately wounded.
You hit the two-headed ogre but do no damage.
The two-headed ogre is moderately wounded.
The two-headed ogre hits you but does no damage.
The two-headed ogre barely misses you.
You punch the two-headed ogre!
The two-headed ogre is heavily wounded.
The two-headed ogre hits you with a +0 giant spiked club!
* * * LOW HITPOINT WARNING * * *
The two-headed ogre hits you with a +0 giant spiked club!
* * * LOW HITPOINT WARNING * * *
You hit the two-headed ogre.
The two-headed ogre is severely wounded.
You closely miss the two-headed ogre.
The two-headed ogre is severely wounded.
The two-headed ogre hits you with a +0 giant spiked club!
* * * LOW HITPOINT WARNING * * *
The two-headed ogre hits you but does no damage.
You hit the two-headed ogre.
The two-headed ogre is severely wounded.
You block the two-headed ogre's attack. x2
You hit the two-headed ogre.
The two-headed ogre is severely wounded.
You punch the two-headed ogre!
The two-headed ogre is almost dead.
The two-headed ogre hits you with a +0 giant spiked club!!
You die...

## #. #. .#######.
......... .#######.
#######.##########.
#.@O.(............#
##.###..........##.#
#....#..........##.#
#....#..............
######....#..>...........
##.........#..............
#...≈≈≈...................
#..≈≈≈≈≈##.#..............
#..≈≈.≈≈_#.#..............


You could see a two-headed ogre (poisoned).

Vanquished Creatures
  Maggie (D:7)
  A troll (D:9)
  A hornet (D:7)
  14 yaks
  A wraith (D:7)
  An acid dragon (D:8)
  3 water moccasins
  3 orc warriors
  A sky beast (D:7)
  3 black bears
  4 ogres
  2 phantoms
  2 centaurs (D:9)
  A kobold brigand (D:7)
  A gnoll sergeant (D:4)
  5 bullfrogs
  A wyvern zombie (D:6)
  3 scorpions
  2 water moccasin zombies
  7 killer bees
  11 wights
  4 howler monkeys
  A centaur zombie (D:8)
  A bullfrog zombie (D:6)
  5 jellies
  4 hounds
  3 human zombies (Ossuary)
  6 orc priests
  3 iguanas
  7 orc wizards
  2 mummies (Ossuary)
  2 howler monkey zombies
  6 gnolls
  2 howler monkey skeletons (D:7)
  8 adders
  2 shadow imps (D:6)
  2 white imps
  2 adder zombies (Ossuary)
  An adder skeleton (D:4)
  3 dart slugs
  26 orcs
  7 endoplasms
  2 giant cockroaches
  10 goblins
  3 hobgoblins
  2 jackals (D:2)
  15 kobolds
  2 quokkas
  9 ball pythons
  7 bats
  2 frilled lizards
  A goblin skeleton (D:6)
  4 goblin zombies
  11 hobgoblin zombies
  11 kobold zombies
  An orc skeleton (D:6)
  14 orc zombies
  4 rats
  A rat zombie (Ossuary)
264 creatures vanquished.

Vanquished Creatures (collateral kills)
  2 bullfrogs (D:7)
2 creatures vanquished.

Vanquished Creatures (others)
  15 fungi (D:8)
  15 plants (D:8)
  6 withered plants (D:6)
36 creatures vanquished.

Grand Total: 302 creatures vanquished

Notes
Turn   | Place    | Note
-------+----------+-------------------------------------------
     0 | D:1      | pkoi the Demigod Gladiator began the quest for the Orb.
     0 | D:1      | Reached XP level 1. HP: 17/17 MP: 3/3
   339 | D:1      | Reached skill level 3 in Unarmed Combat
   974 | D:1      | Reached XP level 2. HP: 23/24 MP: 4/4
  1322 | D:1      | Reached XP level 3. HP: 19/29 MP: 5/5
  1348 | D:1      | Reached skill level 4 in Unarmed Combat
  2374 | D:2      | Reached XP level 4. HP: 36/36 MP: 6/6
  3609 | D:2      | Reached skill level 5 in Unarmed Combat
  4274 | D:3      | Reached XP level 5. HP: 33/41 MP: 7/7
  4504 | D:3      | Found Buleymu's Book Shop.
  5427 | D:3      | Reached skill level 6 in Unarmed Combat
  6091 | D:4      | Reached XP level 6. HP: 38/48 MP: 8/8
  6649 | D:4      | Noticed Grinder
  6696 | D:3      | HP: 2/47 [phantom (7)]
  7656 | D:4      | Reached skill level 7 in Unarmed Combat
  8039 | D:4      | Reached XP level 7. HP: 45/46 MP: 9/9
  8047 | D:4      | Identified a scroll of acquirement
  8471 | D:5      | Entered Level 5 of the Dungeon
  8474 | D:5      | Found a large runed translucent door.
  8474 | D:5      | Found a large runed translucent door.
  8479 | D:5      | Noticed Zeld's ghost (amateur OpTm)
 10165 | D:5      | Reached skill level 1 in Evocations
 10555 | D:6      | Found a staircase to the Ecumenical Temple.
 10656 | D:6      | Reached skill level 8 in Unarmed Combat
 10864 | D:6      | Reached XP level 8. HP: 61/63 MP: 10/10
 12197 | D:3      | Bought a book of Changes for 180 gold pieces
 12199 | D:3      | Learned a level 1 spell: Beastly Appendage
 12202 | D:3      | Learned a level 2 spell: Wereblood
 12301 | D:4      | Paralysed by Grinder for 7 turns
 12461 | D:5      | Reached skill level 9 in Unarmed Combat
 12687 | D:5      | Reached skill level 1 in Spellcasting
 12687 | D:5      | Reached skill level 1 in Transmutations
 13933 | D:6      | Reached XP level 9. HP: 66/69 MP: 15/15
 14170 | D:6      | Found a runed translucent gate.
 14171 | D:6      | Noticed Shockd's ghost (novice OgTm)
 14171 | D:6      | Noticed qwertyui's ghost (novice TrFi)
 14172 | D:6      | Found a runed translucent gate.
 14172 | D:6      | Found a runed translucent gate.
 14537 | D:7      | Noticed Harold
 14965 | D:7      | Found a sand-covered staircase.
 14983 | Ossuary  | Entered an ossuary
 15157 | Ossuary  | Reached skill level 10 in Unarmed Combat
 15993 | D:7      | Noticed Maggie
 16116 | D:7      | Reached skill level 1 in Armour
 17703 | D:7      | Paralysed by a hornet for 2 turns
 18062 | D:7      | Paralysed by a hornet for 1 turns
 18673 | D:7      | Killed Maggie
 18674 | D:7      | Reached skill level 11 in Unarmed Combat
 18674 | D:7      | Reached XP level 10. HP: 77/77 MP: 17/17
 19880 | D:8      | Noticed a cyan ugly thing
 20784 | D:8      | Reached skill level 5 in Transmutations
 21205 | D:8      | Identified the +12 plate armour of Iditaciugh {rF+ Str-4
                  | Slay+2 Stlth+}
 21536 | D:8      | Found a staircase to the Lair.
 21646 | D:9      | Reached skill level 5 in Evocations
 22746 | D:9      | Noticed a two-headed ogre
 22758 | D:9      | Mangled by a two-headed ogre

Illustrated notes

Levels and vault maps discovered:
D:1:      minmay_arrival_plants_in_alcoves, layout_loops_corners,
          minmay_misc_feat_ornament, minmay_heptomino_w4
D:2:      layout_rooms
D:3:      cheibrodos_pilgrimage, layout_basic, vehumet_statue, serial_shops,
          nicolae_shop_window_shopping
D:4:      layout_cave_pools, serial_rivers, chequers_serial_rivers_room_a,
          chequers_serial_rivers_micro_d, chequers_serial_rivers_large_a,
          chequers_serial_rivers_micro_e, uniq_grinder
D:5:      layout_basic, mainiacjoe_overflow_alcove_1,
          ebering_ghost_disaster_area, dk_noncrumbling_2, lightli_minifort
D:6:      layout_layer_cave, nicolae_tso_besieged_by_evil,
          minmay_temple_entry_gardened_gates, gammafunk_ghost_cemetery
D:7:      cheibrodos_barr_body, layout_loops_ring, makhleb_heckhound_becter,
          enter_ossuary_1, st_stairs_3, uniq_harold, uniq_maggie
D:8:      layout_rooms, general_overflow_altar, grunt_lair_entry_orc_guard_hut
D:9:      layout_basic, kennysheep_slug_shrine

Skill      XL: |  1  2  3  4  5  6  7  8  9 10 |
---------------+-------------------------------+-----
Fighting       | 2 3 |  3.3
Unarmed Combat | 3 4 5 6 7 8 9 11 | 11.9
Dodging        | 3 4 |  4.0
Evocations     | 2 3 4 5 |  5.1
Spellcasting   | 2 3 |  3.0
Transmutations | 2 4 5 |  5.2
Armour         | 2 4 |  4.2
Throwing       | |  1.7

Action                   |  1- 3 |  4- 6 |  7- 9 | 10-12 || total
-------------------------+-------+-------+-------+-------++-------
Melee: Unarmed           |   159 |   249 |   425 |   216 ||  1049
       Punch             |     6 |    18 |    34 |    17 ||    75
       Mace              |       |     9 |       |       ||     9
       Kick              |       |       |    53 |    24 ||    77
       Headbutt          |       |       |    27 |    21 ||    48
Throw: Dart              |       |       |    32 |     2 ||    34
 Cast: Beastly Appendage |       |       |    18 |     9 ||    27
       Wereblood         |       |       |     8 |     7 ||    15
Evoke: Wand              |       |       |     7 |     3 ||    10
  Use: Scroll            |     2 |     5 |     5 |     8 ||    20
       Potion            |       |     3 |     1 |       ||     4
 Stab: Sleeping          |       |       |     2 |       ||     2
Armor: Leather armour    |    39 |    41 |       |       ||    80
       Ring mail         |       |     3 |    31 |       ||    34
       Skin              |       |     3 |       |       ||     3
       Robe              |       |       |    17 |       ||    17
       Plate armour      |       |       |       |    57 ||    57
       Steam dragon scal |       |       |       |    25 ||    25
Dodge: Dodged            |    85 |   151 |   219 |    93 ||   548
Block: Other             |       |       |    15 |    37 ||    52
